 Dungeon Sprint DCSS version 0.13-a0-2477-geaae114 (webtiles) character file.

1930 Lunia the Grappler (level 8, -7/121 HPs)
             Began as a Troll Monk on July 19, 2013.
             Was an Elder of Trog.
             Mangled by a demonic crawler (11 damage)
             ... in the Dungeon (Sprint I: "Red Sonja").
             The game lasted 00:02:15 (678 turns).

Lunia the Grappler (Troll Monk)                      Turns: 678, Time: 00:02:15

HP  -7/121       AC  4     Str 25      XL: 8   Next: 70%
MP   2/2         EV 14     Int  6      God: Trog [****..]
Gold 256         SH  0     Dex 14      Spells:  0 memorised,  7 levels left

Res.Fire  : . . .   See Invis. : .     - Unarmed
Res.Cold  : . . .   Warding    : .   a - -1 robe
Life Prot.: . . .   Conserve   : .   (shield restricted)
Res.Poison: .       Res.Corr.  : .   (helmet restricted)
Res.Elec. : .       Clarity    : .   (no cloak)
Sust.Abil.: . .     Spirit.Shd : .   (gloves unavailable)
Res.Mut.  : .       Prev.Telep.: +   (boots unavailable)
Res.Rott. : .       Flight     : .   (no amulet)
Gourmand  : +                        (no ring)
                                     (no ring)

@: berserking (expiring), very quick, slightly resistant to hostile
enchantments, extremely unstealthy
A: unfitting armour, claws 3, fast metabolism 3, gourmand, regeneration 2,
saprovore 2, tough skin 2, AC +1
a: Burn Spellbooks, Berserk, Trog's Hand, Brothers in Arms, Renounce Religion


You were in the Dungeon.
You worshipped Trog.
Trog was extremely pleased with you.
You were hungry.

You visited 1 branch You collected 411 gold pieces.
You spent 155 gold pieces at shops.

Inventory:

Armour
 a - a -1 robe (worn)
Comestibles
 b - 4 meat rations
 j - a cheese
 k - 2 pears
 l - a bread ration
Scrolls
 h - a scroll of blinking
Potions
 c - a potion of curing
 d - a potion of heal wounds
 e - a potion of speed
 f - 2 potions of magic
 g - a potion of berserk rage


   Skills:
 + Level 8.2 Fighting
 + Level 8.5 Dodging
 + Level 2.6 Stealth
 + Level 14.0 Unarmed Combat


You had 7 spell levels left.
You didn't know any spells.

Dungeon Overview and Level Annotations

Branches:
Dungeon (1/1)

Altars:
Makhleb
Okawaru
Sif Muna
Trog
Vehumet
Xom
Zin
the Shining One

Shops:
D: %


Innate Abilities, Weirdness & Mutations

You are too large for most types of armour.
You have claws for hands.
Your metabolism is lightning-fast.
You like to eat raw meat.
You heal very quickly.
You can eat rotten meat.
You are covered in fur (AC +1).
You have very tough skin (AC +2).


Message History

* * * LOW HITPOINT WARNING * * *
The demonic crawler barely misses you.
You mangle the demonic crawler!!
The demonic crawler is moderately wounded.
You barely miss the demonic crawler.
The demonic crawler is moderately wounded.
The demonic crawler hits you!
* * * LOW HITPOINT WARNING * * *
The demonic crawler hits you.
* * * LOW HITPOINT WARNING * * *
The demonic crawler hits you.
* * * LOW HITPOINT WARNING * * *
You claw the demonic crawler!
The demonic crawler is severely wounded.
You barely miss the demonic crawler.
The demonic crawler is severely wounded.
The demonic crawler hits you.
* * * LOW HITPOINT WARNING * * *
The demonic crawler barely misses you. The demonic crawler hits you!
You die...

##################
.#.)'..#__#..')..#
.'..#..'..'..#)..##+#
'#####'#__####..@s..#
.#...#.#### #####..+
##..##.# +## .##'#..+
..'..._# .##_.#'#
_###+#)# ## ###


You could see a demonic crawler.

Vanquished Creatures
  A giant amoeba (D)
  3 demonic crawlers (D)
  An elephant slug (D)
  2 kobold demonologists (D)
  An ogre (D)
  Sigmund (D)
  A crimson imp (D)
  An iron imp (D)
  Ijyb (D)
  A jelly (D)
  An ufetubus (D)
  A giant eyeball (D)
15 creatures vanquished.

Vanquished Creatures (others)
  A metal gargoyle (D)
1 creature vanquished.

Grand Total: 16 creatures vanquished

Notes
Turn   | Place    | Note
--------------------------------------------------------------
     0 | D        | Lunia, the Troll Monk, began the quest for the Orb.
     0 | D        | Reached XP level 1. HP: 20/20 MP: 0/0
     2 | D        | Noticed Ijyb
     9 | D        | Killed Ijyb
     9 | D        | Reached skill level 5 in Unarmed Combat
     9 | D        | Reached XP level 2. HP: 25/28 MP: 0/0
    15 | D        | Noticed an ogre
    23 | D        | Killed an ogre
    23 | D        | Reached skill level 7 in Unarmed Combat
    23 | D        | Reached XP level 3. HP: 13/36 MP: 1/1
    23 | D        | Reached XP level 4. HP: 16/45 MP: 1/1
   201 | D        | Killed a metal gargoyle
   213 | D        | Noticed Sigmund
   225 | D        | Killed Sigmund
   225 | D        | Reached skill level 5 in Dodging
   225 | D        | Reached skill level 8 in Unarmed Combat
   225 | D        | Reached XP level 5. HP: 53/53 MP: 1/1
   266 | D        | Found an iron altar of Okawaru.
   268 | D        | Found a glowing golden altar of the Shining One.
   276 | D        | Reached skill level 5 in Fighting
   276 | D        | Reached skill level 9 in Unarmed Combat
   358 | D        | Found a bloodstained altar of Trog.
   358 | D        | Found a glowing silver altar of Zin.
   358 | D        | Found Ebeub's Food Emporium.
   358 | D        | Found a shimmering altar of Xom.
   358 | D        | Found a radiant altar of Vehumet.
   358 | D        | Noticed an elephant slug
   372 | D        | Killed an elephant slug
   372 | D        | Reached skill level 10 in Unarmed Combat
   372 | D        | Reached XP level 6. HP: 28/62 MP: 2/2
   374 | D        | Found a radiant altar of Vehumet.
   382 | D        | Became a worshipper of Trog the Wrathful
   382 | D        | Acquired Trog's first power
   382 | D        | Acquired Trog's second power
   398 | D        | Bought a cheese for 21 gold pieces
   398 | D        | Bought a pear for 11 gold pieces
   398 | D        | Bought a pear for 11 gold pieces
   398 | D        | Bought a meat ration for 56 gold pieces
   398 | D        | Bought a bread ration for 56 gold pieces
   430 | D        | Found a burning altar of Makhleb.
   430 | D        | Found a deep blue altar of Sif Muna.
   430 | D        | Found a glowing golden altar of the Shining One.
   430 | D        | Found a bloodstained altar of Trog.
   430 | D        | Noticed a giant amoeba
   439 | D        | Killed a giant amoeba
   439 | D        | Reached skill level 12 in Unarmed Combat
   439 | D        | Reached XP level 7. HP: 5/71 MP: 2/2
   608 | D        | Noticed a kobold demonologist
   609 | D        | Noticed a kobold demonologist
   611 | D        | Killed a kobold demonologist
   612 | D        | Paralysed by a giant eyeball for 2 turns
   614 | D        | Noticed an iron devil
   619 | D        | Killed a kobold demonologist
   654 | D        | Noticed a demonic crawler
   654 | D        | Noticed a demonic crawler
   654 | D        | Noticed a demonic crawler
   654 | D        | Noticed a demonic crawler
   659 | D        | Killed a demonic crawler
   659 | D        | Reached skill level 13 in Unarmed Combat
   659 | D        | Reached XP level 8. HP: 80/80 MP: 2/2
   665 | D        | Killed a demonic crawler
   665 | D        | Acquired Trog's third power
   672 | D        | Killed a demonic crawler
   672 | D        | Reached skill level 14 in Unarmed Combat
   678 | D        | HP: 4/121 [demonic crawler (4)]
   678 | D        | Mangled by a demonic crawler

Action                   |  1- 3 |  4- 6 |  7- 9 || total
-------------------------+-------+-------+-------++-------
Melee: Unarmed           |    13 |    35 |    36 ||    84
Invok: Berserk           |       |       |     1 ||     1
       Trog's Hand       |       |       |     1 ||     1
 Stab: Sleeping          |       |     1 |       ||     1
